 Dungeon Crawl Stone Soup version 0.27-a0-1188-g73eefd5def (webtiles) character file.

Game seed: 13563481441249267060

46 leviel the Shield-Bearer (level 3, 0/33 HPs)
             Began as a Minotaur Fighter on May 20, 2021.
             Slain by a worm (4 damage)
             ... on level 2 of the Dungeon.
             The game lasted 00:00:59 (1282 turns).

leviel the Shield-Bearer (Minotaur Fighter)         Turns: 1282, Time: 00:01:00

Health: 0/33       AC:  8    Str: 21    XL:     3   Next: 44%
Magic:  2/2        EV:  7    Int:  5    God:
Gold:   50         SH:  9    Dex:  9    Spells: 2/2 levels left

rFire    . . .     SeeInvis .   a - +0 long sword
rCold    . . .     Faith    .   c - +0 kite shield
rNeg     . . .     Spirit   .   b - +0 scale mail
rPois    .         Reflect  .   (helmet restricted)
rElec    .         Harm     .   (no cloak)
rCorr    .         Rampage  .   (no gloves)
Will     .....                  l - +0 pair of boots {Fly}
Stlth    ..........             (no amulet)
HPRegen  0.11/turn              (no ring)
MPRegen  0.08/turn              (no ring)

@: flying
A: horns 2, retaliatory headbutt
a: no special abilities


You were on level 2 of the Dungeon.
You visited 1 branch of the dungeon, and saw 2 of its levels.

You collected 50 gold pieces.

Inventory:

Hand Weapons
 a - a +0 long sword (weapon)
Armour
 b - a +0 scale mail (worn)
 c - a +0 kite shield (worn)
 l - a +0 pair of boots of flying (worn)
Jewellery
 h - an amulet of faith
Scrolls
 f - a scroll of identify {unknown}
 g - a scroll of brand weapon {unknown}
 k - 2 scrolls of summoning {unknown}
Potions
 d - a potion of might
 e - 3 potions of attraction {unknown}
 i - a potion of curing {unknown}
 j - 2 potions of flight {unknown}


   Skills:
 + Level 4.0 Fighting
 * Level 3.1 Long Blades
 + Level 4.2 Armour
 + Level 4.3 Shields


You had 2 spell levels left.
You didn't know any spells.
Your spell library was empty.

Dungeon Overview and Level Annotations

Branches:
Dungeon (2/15)

Altars:


Innate Abilities, Weirdness & Mutations

You have a pair of horns on your head.
You reflexively headbutt those who attack you in melee.


Message History

The worm bites you!
You slash the worm!
The worm is almost dead.
The worm bites you.
You are too injured to fight recklessly!
You are too injured to fight recklessly!
You are too injured to fight recklessly!
You are too injured to fight recklessly!
You are too injured to fight recklessly!
You are too injured to fight recklessly!
You are too injured to fight recklessly!
You are too injured to fight recklessly!
You are too injured to fight recklessly!
You are too injured to fight recklessly!
You are too injured to fight recklessly!
You are too injured to fight recklessly!
You are too injured to fight recklessly!
You are too injured to fight recklessly!
You are too injured to fight recklessly!
You are too injured to fight recklessly!
You are too injured to fight recklessly!
You are too injured to fight recklessly!
You are too injured to fight recklessly!
You are too injured to fight recklessly!
Unknown command.
You are too injured to fight recklessly!
You are too injured to fight recklessly!
You are too injured to fight recklessly!
You are too injured to fight recklessly!
You hit the worm.
The worm is almost dead.
You block the worm's attack.
You barely miss the worm.
The worm is severely wounded.
The worm bites you. x2
* * * LOW HITPOINT WARNING * * *
You hit the worm. Your headbutt misses the worm.
The worm is almost dead.
The worm bites you.
You die...

...##. .# ....#. #.#
#..... ..# #.#... #.#
#.# .#.....##.# #.# ..
.....#....# ......
#...ww#.# #.##.# #@..#
#.#..# #.#.###.#..#
#...)†#.#..#
.....#.#.#.#..#
...#..#........# #####
......#.#.#.##.###....
#..#.#..........#.###
......................
.## #.#..........#.###


You could see 2 worms.

Vanquished Creatures
  2 adders (D:2)
  4 endoplasms
  2 giant cockroaches (D:1)
  A goblin (D:1)
  A hobgoblin (D:1)
  4 jackals (D:1)
  3 kobolds
  A quokka (D:1)
  4 ball pythons
  A bat (D:1)
  A frilled lizard (D:1)
  A rat (D:1)
25 creatures vanquished.

Notes
Turn   | Place    | Note
-------+----------+-------------------------------------------
     0 | D:1      | leviel the Minotaur Fighter began the quest for the Orb.
     0 | D:1      | Reached XP level 1. HP: 19/19 MP: 0/0
   202 | D:1      | Reached XP level 2. HP: 27/27 MP: 1/1
   408 | D:1      | Found a faded altar of an unknown god.
   859 | D:2      | Reached XP level 3. HP: 18/33 MP: 2/2
  1282 | D:2      | Slain by a worm

Illustrated notes

Levels and vault maps discovered:
D:1:      elethiomel_arrival_quiet, layout_basic,
          shapermc_ecumenical_altar_mp_urbaneastern
D:2:      minmay_thinvault, layout_basic, minmay_fractal_squares_5

Skill      XL: |  1  2  3 |
---------------+----------+-----
Shields        | 4 |  4.3
Armour         | 4 |  4.2
Long Blades    | 3 |  3.1
Fighting       | 4 |  4.0

Action                   || total
-------------------------++-------
Melee: Long sword        ||    69
       Headbutt          ||     4
Armor: Scale mail        ||    32
Dodge: Dodged            ||    20
Block: Kite shield       ||    37
       Rpst.: Long sword ||     5

Table legend: (Time is in decaauts)
 A = Elapsed time spent in this place.
 B = Non-inter-level travel time spent in this place.
 C = Inter-level travel time spent in this place.
 D = Time resting spent in this place.
 E = Time spent auto-exploring this place.
 F = Levels seen in this place.
 G = Mean time per level.
                   A        B        C        D        E       F      G
               +--------+--------+--------+--------+--------+-----+--------+
         Total |   1315 |   1292 |     23 |      0 |   1121 |   2 |  657.5 |
       Dungeon |   1315 |   1292 |     23 |      0 |   1121 |   2 |  657.5 |
               +--------+--------+--------+--------+--------+-----+--------+

Top non-repeatable levels by time:
     D:1: 876 daAuts
     D:2: 438 daAuts
